 Dungeon Crawl Stone Soup version 0.30-a0-365-ge7f957f1db (webtiles) character file.

Game seed: 3355675070081648462

64 IdlyInterested the Ducker (level 3, 0/24 HPs)
             Began as a Demonspawn Wanderer on Nov 17, 2022.
             Slain by a hound (5 damage)
             ... on level 3 of the Dungeon.
             The game lasted 00:05:28 (2066 turns).

IdlyInterested the Ducker (Demonspawn Wanderer)     Turns: 2066, Time: 00:05:28

Health: 0/24       AC:  3    Str:  8 (9)  XL:     3   Next: 91%
Magic:  4/4        EV: 12    Int: 14 (17) God:
Gold:   135        SH:  0    Dex: 10 (13) Spells: 3/4 levels left

rFire   . . .      SeeInvis .    a - +0 shortbow
rCold   . . .      Faith    .    (shield currently unavailable)
rNeg    . . .      Spirit   .    d - +0 robe
rPois   .          Reflect  .    (no helmet)
rElec   .          Harm     .    (no cloak)
rCorr   .          Rampage  .    b - +0 pair of gloves
Will    .....                    (no boots)
Stlth   +.........               (no amulet)
HPRegen 0.24/turn                (no ring)
MPRegen 0.09/turn                (no ring)

@: attractive
A: demonic guardian 1
a: no special abilities


You were on level 3 of the Dungeon.
You visited 1 branch of the dungeon, and saw 3 of its levels.

You collected 135 gold pieces.

Inventory:

Hand Weapons
 a - a +0 shortbow (weapon)
 e - a +0 dagger
Missiles
 g - 18 stones
 y - 4 poisoned darts
Armour
 b - a +0 pair of gloves (worn)
 d - a +0 robe (worn)
 i - a +0 scale mail
 p - a +0 pair of gloves
 r - a +0 ring mail
Scrolls
 c - 2 scrolls of fear
 h - a scroll of enchant weapon {unknown}
 j - a scroll of identify {unknown}
 q - a scroll of poison {unknown}
 s - a scroll of fog {unknown}
 t - a scroll of amnesia {unknown}
 w - a scroll of immolation {unknown}
 x - a scroll of teleportation {unknown}
Potions
 f - a potion of attraction
 k - 2 potions of brilliance {unknown}
 l - a potion of lignification {unknown}
 m - a potion of haste {unknown}
 o - a potion of mutation {unknown}
 u - a potion of might {unknown}
 v - a potion of ambrosia {unknown}


   Skills:
 * Level 3.5 Ranged Weapons
 - Level 4.0 Dodging
 - Level 1.0 Spellcasting
 - Level 2.6 Translocations


You had 3 spell levels left.
You knew the following spells:

 Your Spells              Type           Power      Damage    Failure   Level
a - Apportation           Tloc           16%        N/A       9%          1

Your spell library contained the following spells:

 Spells                   Type           Power      Damage    Failure   Level
 Gell's Gravitas          Tloc           8%         N/A       26%         3
 Kindle Blastsparks       Fire/Tloc/Air  6%         2d10      50%         3
 Ignite Poison            Fire/Tmut/Pois 0%         N/A       61%         3
 Freezing Cloud           Conj/Ice/Air   0%         6-21      100%        5


Dungeon Overview and Level Annotations

Branches:
Dungeon (3/15)

Altars:
Yredelemnul


Innate Abilities, Weirdness & Mutations

A weak demonic guardian rushes to your aid.


Message History

You shoot an arrow. The arrow completely misses the hound.
The hound bites you.
A dart slug comes into view.
The hound bites you.
* * * LOW HITPOINT WARNING * * *
You are too injured to fight recklessly!
Fire: a) +0 shortbow
Press: ? - help, Q - select action, (/) - cycle Shift-Dir - straight line, f/p - hound
Aim: a hound (moderately wounded, 43% to hit)
You shoot an arrow.
The arrow hits the hound but does no damage.
The hound is moderately wounded.
The hound barely misses you. The hound misses you.
Fire: a) +0 shortbow
Press: ? - help, Q - select action, (/) - cycle Shift-Dir - straight line, f/p - hound
Aim: a hound (moderately wounded, 43% to hit)
You shoot an arrow. The arrow completely misses the hound.
The arrow hits the dart slug but does no damage.
The hound barely misses you. The hound misses you.
Fire: a) +0 shortbow
Press: ? - help, Q - select action, (/) - cycle Shift-Dir - straight line, f/p - hound
Aim: a hound (moderately wounded, 43% to hit)
You shoot an arrow.
The arrow hits the hound but does no damage.
The hound is moderately wounded.
The hound bites you but does no damage. The hound bites you.
* * * LOW HITPOINT WARNING * * *
Fire: a) +0 shortbow
Press: ? - help, Q - select action, (/) - cycle Shift-Dir - straight line, f/p - hound
Aim: a hound (moderately wounded, 43% to hit)
You shoot an arrow.
The arrow hits the hound but does no damage.
The hound is moderately wounded.
The hound pauses to sniff the ground.
The hound bites you.
* * * LOW HITPOINT WARNING * * *
The hound bites you but does no damage.
It was a potion of attraction.
You feel attractive to monsters. The hound bites you.
You die...

##....##...##.#####
...#####!..# #
...........#
###........#
#........#
#.....####
...####..# .. ##.#
. #@# #h#
#...w.......
#.....##.##....
#..... .. .. #..=.
#.. #.... ... #...
.... #### .....


You could see a hound and a dart slug.

Vanquished Creatures
  An adder (D:2)
  5 ball pythons
  3 endoplasms (D:1)
  5 giant cockroaches
  3 goblins
  A hobgoblin (D:2)
  3 jackals (D:1)
  2 kobolds (D:1)
  A quokka (D:2)
  5 bats
  3 frilled lizards
  6 rats
38 creatures vanquished.

Vanquished Creatures (collateral kills)
  An adder (D:2)
  A jackal (D:1)
  2 quokkas (D:2)
4 creatures vanquished.

Grand Total: 42 creatures vanquished

Notes
Turn   | Place    | Note
-------+----------+-------------------------------------------
     0 | D:1      | IdlyInterested the Demonspawn Wanderer began the quest for
                  | the Orb.
     0 | D:1      | IdlyInterested set off with the following items: a +0
                  | shortbow, a +0 pair of gloves, a scroll of fear, a +0 robe;
                  | and the following spell memorised: Apportation; and the
                  | following spells available to memorise: Gell's Gravitas.
     0 | D:1      | Reached XP level 1. HP: 13/13 MP: 2/2
   301 | D:1      | Reached skill level 4 in Dodging
   301 | D:1      | Gained mutation: A weak demonic guardian rushes to your
                  | aid. [demonic ancestry]
   301 | D:1      | Reached XP level 2. HP: 19/19 MP: 3/3
  1311 | D:2      | Reached XP level 3. HP: 14/24 MP: 4/4
  1745 | D:2      | Found a basalt altar of Yredelemnul.
  2066 | D:3      | Slain by a hound

Illustrated notes

Levels and vault maps discovered:
D:1:      amcnicky_arrival_wind_blow, layout_loops_corners, dk_noncrumbling_2,
          palyth_stone_intersect, minmay_stone_trees_small
D:2:      layout_rooms, basic_altar, grunt_ministairs_5,
          kennysheep_generic_room_15
D:3:      layout_basic, nicolae_overflow_hidden_temple, serial_bayou_pond_b

Skill      XL: |  1  2  3 |
---------------+----------+-----
Ranged Weapons | 2 3 |  3.5
Dodging        | 4 |  4.0
Spellcasting   | |  1.0
Translocations | |  2.6

Action                   || total
-------------------------++-------
 Fire: Shortbow          ||   143
  Use: Potion            ||     2
Armor: Robe              ||    35
       Scale mail        ||     7
Dodge: Dodged            ||   121

Table legend: (Time is in decaauts)
 A = Elapsed time spent in this place.
 B = Non-inter-level travel time spent in this place.
 C = Inter-level travel time spent in this place.
 D = Time resting spent in this place.
 E = Time spent auto-exploring this place.
 F = Levels seen in this place.
 G = Mean time per level.
                   A        B        C        D        E       F      G
               +--------+--------+--------+--------+--------+-----+--------+
         Total |   2121 |   1766 |    355 |     98 |   1233 |   3 |  707.0 |
       Dungeon |   2121 |   1766 |    355 |     98 |   1233 |   3 |  707.0 |
               +--------+--------+--------+--------+--------+-----+--------+

Top non-repeatable levels by time:
     D:1: 1311 daAuts
     D:2: 754 daAuts
     D:3: 56 daAuts
